 Dungeon Crawl Stone Soup version 0.31-a0-486-g8d68a81214 (webtiles) character file.

Game seed: 11339402585924272279

86 pokeman the Magician (level 4, -5/25 HPs)
             Began as a Deep Elf Hedge Wizard on Aug 7, 2023.
             Slain by Sigmund
             ... wielding a +0 scythe
              (9 damage)
             ... on level 2 of the Dungeon.
             The game lasted 00:02:24 (2247 turns).

pokeman the Magician (Deep Elf Hedge Wizard)        Turns: 2247, Time: 00:02:25

Health: -5/25      AC:  2    Str:  7    XL:     4   Next: 26%
Magic:  13/13      EV: 12    Int: 21    God:
Gold:   119        SH:  0    Dex: 14    Spells: 6/14 levels left

rFire   . . .        j - +2 long sword (heavy)
rCold   . . .        (no shield)
rNeg    . . .        b - +0 robe
rPois   .            c - +0 hat
rElec   .            (no cloak)
rCorr   .            (no gloves)
SInv    .            (no boots)
Will    .....        (no amulet)
Stlth   +            (no ring)
HPRegen 0.24/turn    (no ring)
MPRegen 0.13/turn

%: no passive effects
@: confused
A: no striking features
a: no special abilities


You were on level 2 of the Dungeon.
You visited 1 branch of the dungeon, and saw 3 of its levels.

You collected 119 gold pieces.

Inventory:

Hand Weapons
 j - a +2 heavy long sword (weapon)
Armour
 b - a +0 robe (worn)
 c - a +0 hat (worn)
Scrolls
 h - 2 scrolls of identify {unknown}
 i - 2 scrolls of amnesia {unknown}
Potions
 a - a potion of lignification {unknown}
 d - a potion of magic
 e - 4 potions of curing {unknown}
 f - 2 potions of invisibility {unknown}
 g - a potion of attraction {unknown}


   Skills:
 - Level 1.1 Fighting
 - Level 1.1 Armour
 + Level 2.4 Dodging
 + Level 2.5 Stealth
 * Level 5.6 Spellcasting
 + Level 2.2 Conjurations
 - Level 1.1 Summonings
 - Level 1.1 Translocations


You had 6 spell levels left.
You knew the following spells:

 Your Spells              Type           Power      Damage    Failure   Level
a - Magic Dart            Conj           60%        1d6       4%          1
b - Mephitic Cloud        Conj/Pois/Air  9%         N/A       22%         3
c - Call Imp              Summ           20%        N/A       10%         2
d - Blink                 Tloc           20%        N/A       10%         2

Your spell library contained the following spells:

 Spells                   Type           Power      Damage    Failure   Level
 Slow                     Hex            20%        N/A       11%         1
 Cigotuvi's Dreadful Rot  Necr/Pois/Air  10%        N/A       16%         2
 Hailstorm                Conj/Ice       10%        3d5       19%         3
 Summon Ice Beast         Ice/Summ       8%         N/A       63%         4
 Simulacrum               Ice/Necr       2%         N/A       100%        6


Dungeon Overview and Level Annotations

Branches:
Dungeon (3/15)

Altars:

Annotations:
D:2 Sigmund


Message History

Aiming: Magic Dart (safe; 4% risk of failure)
Press: ? - help, Shift-Dir - straight line, f/p - hobgoblin
Aim: a hobgoblin (severely wounded, 100% to hit)
The magic dart hits the hobgoblin.
You kill the hobgoblin!
Casting: Magic Dart (safe; 4% risk of failure)
Confirm with . or Enter, or press ? or * to list all spells.
You can't see any susceptible monsters within range! (Use Z to cast anyway.) Unknown command.
a - a blue potion You open the door.
There is an open door here.
There is an open door here.
There is an open door here.
You open the door.
Found a trident.
There is an open door here.
Sigmund the Dreaded comes into view.
He is wielding a +0 scythe.
Sigmund shouts!
Sigmund points at you and mumbles some strange words.
You are confused.
You're too confused to cast spells.
You're too confused to move!
A quokka comes into view.
Sigmund gestures wildly while chanting.
Sigmund flickers and vanishes!
Deactivating autopickup; reactivate with Ctrl-A.
A magic dart appears from out of thin air!
The magic dart hits you. Something hits you!
The quokka bites you but does no damage.
You barely miss the quokka.
You feel less confused.
You hear some strange, mumbled words.
You are confused.
The quokka bites you. Something hits you!
* * * LOW HITPOINT WARNING * * *
The quokka closely misses you. Something hits you!
You die...

## .# #######.#... #.
.. .. #.#... #.#.##.
#.#... #.#...# #.#...
#.#.#.# #.#.#. ###.....
#.#.#. #....{########
#.#.#. #...r.#......#
#.#.#.
#...@.#......###.#.#.
#.....#......#.......
#.....#......#.#.#.#.
#.....#.....)#.#.#...
##.....'......#...#...
##......#......##......
#.......+......#......#
#.......#......########
#.......#########......


You could see a quokka.

Vanquished Creatures
  A hound (D:2)
  A dart slug (D:2)
  6 ball pythons
  5 endoplasms (D:1)
  6 goblins
  3 hobgoblins
  7 jackals (D:1)
  5 kobolds
  2 quokkas (D:1)
  6 bats
  2 frilled lizards (D:1)
  3 rats
47 creatures vanquished.

Notes
Turn   | Place    | Note
-------+----------+-------------------------------------------
     0 | D:1      | pokeman the Deep Elf Hedge Wizard began the quest for the
                  | Orb.
     0 | D:1      | Reached XP level 1. HP: 10/10 MP: 7/7
   198 | D:1      | Reached XP level 2. HP: 16/16 MP: 6/9
   596 | D:1      | Reached skill level 5 in Spellcasting
   837 | D:1      | Reached XP level 3. HP: 20/20 MP: 8/11
   841 | D:1      | Learned a level 3 spell: Mephitic Cloud
   844 | D:1      | Learned a level 2 spell: Call Imp
   847 | D:1      | Learned a level 2 spell: Blink
  1651 | D:1      | Reached skill level 1 in Armour
  1772 | D:2      | Reached skill level 1 in Fighting
  1772 | D:2      | Reached XP level 4. HP: 8/25 MP: 4/13
  1983 | D:2      | You fall into a shaft and drop 1 floor!
  2238 | D:2      | Noticed Sigmund
  2247 | D:2      | Slain by Sigmund

Illustrated notes

Levels and vault maps discovered:
D:1:      evilmike_arrival_crescent, layout_basic, minmay_three_crescents
D:2:      layout_basic, hangedman_decor_clover_reticule,
          nicolae_concentric_dashed_squares_mild, uniq_sigmund
D:3:      layout_basic, mainiacjoe_overflow_big_doors

Skill      XL: |  1  2  3 |
---------------+----------+-----
Spellcasting   | 5 |  5.6
Armour         | 1 |  1.1
Fighting       | 1 |  1.1
Conjurations   | 2 |  2.2
Dodging        | |  2.4
Stealth        | |  2.5
Summonings     | |  1.1
Translocations | |  1.1

Action                     |  1- 3 |  4- 6 || total
---------------------------+-------+-------++-------
  Melee: Dagger            |    21 |       ||    21
         Long sword        |       |     1 ||     1
   Cast: Magic Dart        |    92 |    25 ||   117
 Armour: Robe              |    11 |     1 ||    12
  Dodge: Dodged            |    37 |     4 ||    41

Table legend: (Time is in decaauts)
 A = Elapsed time spent in this place.
 B = Non-inter-level travel time spent in this place.
 C = Inter-level travel time spent in this place.
 D = Time resting spent in this place.
 E = Time spent auto-exploring this place.
 F = Levels seen in this place.
 G = Mean time per level.
                   A        B        C        D        E       F      G
               +--------+--------+--------+--------+--------+-----+--------+
         Total |   2248 |   2193 |     55 |     73 |   1865 |   3 |  749.3 |
       Dungeon |   2248 |   2193 |     55 |     73 |   1865 |   3 |  749.3 |
               +--------+--------+--------+--------+--------+-----+--------+

Top non-repeatable levels by time:
     D:1: 1837 daAuts
     D:2: 388 daAuts
     D:3: 22 daAuts
